 Dungeon Crawl Stone Soup version 0.23-a0-558-g30802b1 (webtiles) character file.

16 CanOfBees the Caller (level 2, -2/16 HPs)
             Began as a Tengu Summoner on Dec 12, 2018.
             Slain by Terence
             ... wielding a +0 mace of protection
              (7 damage)
             ... on level 2 of the Dungeon.
             The game lasted 00:01:49 (1266 turns).

CanOfBees the Caller (Tengu Summoner)               Turns: 1266, Time: 00:01:50

Health: -2/16      AC:  2    Str:  8    XL:     2   Next: 58%
Magic:  2/6        EV: 12    Int: 15    God:
Gold:   46         SH:  0    Dex: 14    Spells: 2/5 levels left

rFire    . . .     SeeInvis .   g - +0 whip
rCold    . . .     Gourm    .   (no shield)
rNeg     . . .     Faith    .   a - +0 robe
rPois    .         Spirit   .   (helmet restricted)
rElec    .         Reflect  .   (no cloak)
rCorr    .         Harm     .   (no gloves)
MR       .....                  (boots unavailable)
Stlth    ++........             (no amulet)
HPRegen  0.05/turn              (no ring)
MPRegen  0.10/turn              (no ring)

@: no status effects
A: beak, talons 3
a: no special abilities


You were on level 2 of the Dungeon.
You were not hungry.

You visited 1 branch of the dungeon, and saw 2 of its levels.

You collected 46 gold pieces.

Inventory:

Hand Weapons
 g - a +0 whip (weapon)
Missiles
 f - 46 stones (quivered)
Armour
 a - a +0 robe (worn)
Scrolls
 i - 2 scrolls of teleportation {unknown}
 j - a scroll of enchant armour {unknown}
 k - a scroll of identify {unknown}
Potions
 b - a potion of cancellation {unknown}
 e - a potion of heal wounds {unknown}
 h - a potion of berserk rage {unknown}
 l - 2 potions of magic {unknown}
Comestibles
 c - 2 rations
 d - 2 chunks of flesh


   Skills:
 + Level 0.8 Fighting
 - Level 2.1 Dodging
 - Level 2.0 Stealth
 + Level 2.2 Spellcasting
 * Level 5.3 Summonings


You had 2 spell levels left.
You knew the following spells:

 Your Spells              Type           Power        Failure   Level  Hunger
a - Summon Small Mammal   Summ           ###.         2%          1    #......
b - Call Imp              Summ           ###.....     3%          2    ###....

Your spell library contained the following spells:

 Spells                   Type           Power        Failure   Level  Hunger
 Magic Dart               Conj           #...         22%         1    #......
 Blink                    Tloc           N/A          32%         2    ###....
 Slow                     Hex            #.......     32%         2    ###....
 Call Canine Familiar     Summ           ###.....     8%          3    ###....
 Summon Guardian Golem    Hex/Summ       #.......     22%         3    ###....
 Conjure Flame            Conj/Fire      #.......     54%         3    ###....
 Mephitic Cloud           Conj/Pois/Air  #.......     54%         3    ###....
 Summon Ice Beast         Ice/Summ       #.......     58%         4    #####..
 Summon Lightning Spire   Summ/Air       #.......     58%         4    #####..


Dungeon Overview and Level Annotations

Branches:
Dungeon (2/15)

Altars:

Annotations:
D:2 Terence


Innate Abilities, Weirdness & Mutations

You have a beak for a mouth.
You have claws for feet.


Message History

Terence barely misses your white imp.
Your white imp hits Terence but does no damage.
Terence misses your white imp.
Your white imp hits Terence but does no damage.
Your shadow imp gestures at Terence.
Terence barely resists.
Terence misses your white imp.
Your white imp hits Terence but does no damage.
Your shadow imp hits Terence.
Your shadow imp disappears in a puff of smoke!
Terence completely misses your white imp.
Your white imp hits Terence but does no damage.
You swap places.
Terence hits you with a +0 mace of protection.
You hit Terence. You claw Terence, but do no damage.
Terence is severely wounded.
You hit Terence but do no damage. You peck Terence, but do no damage.
Terence is severely wounded.
Terence hits you with a +0 mace of protection!
You die...

#.......# #.#####.#
###########.#####.#
#....<........##...
#.#########.......# #.#
###....## #.# #.......
###.####### ##รท#####
#..5@@....# #.# #
#.#.#####.# #.# #
#....## #.# #.# #
#..#..# #@# #.#####
#.....# #s# ##......
#.###.###5# ##.....##
#.........###.......#
#######...####.........
.........5...'.........


You could see Terence and a friendly white imp.

Vanquished Creatures
  2 giant cockroaches (D:2)
  2 goblins (D:1)
  3 hobgoblins
  A bat (D:1)
  8 rats
16 creatures vanquished.

Vanquished Creatures (collateral kills)
  A giant cockroach (D:2)
1 creature vanquished.

Grand Total: 17 creatures vanquished

Notes
Turn   | Place    | Note
-------+----------+-------------------------------------------
     0 | D:1      | CanOfBees the Tengu Summoner began the quest for the Orb.
     0 | D:1      | Reached XP level 1. HP: 10/10 MP: 4/4
   119 | D:1      | Reached skill level 5 in Summonings
   307 | D:1      | Reached XP level 2. HP: 8/16 MP: 6/6
   468 | D:1      | Learned a level 2 spell: Call Imp
  1201 | D:2      | Noticed Terence
  1266 | D:2      | Slain by Terence

Vault maps used:
D:1:      minmay_arrival_five_plusses, minmay_misc_feat_nine_boxes
D:2:      moated_statue, okawaru_metal_pillars_1_2, uniq_robin, uniq_terence

Skill      XL: |  1 |
---------------+----+-----
Summonings     | 5 |  5.3
Fighting       | |  0.8
Dodging        | |  2.1
Stealth        | |  2.0
Spellcasting   | |  2.2

Action                   || total
-------------------------++-------
Melee: Unarmed           ||    12
       Whip              ||    43
       Kick              ||    10
       Peck              ||     6
 Cast: Call Imp          ||     4
 Stab: Sleeping          ||     3
  Eat: Chunk             ||     1
Armor: Robe              ||    10
Dodge: Dodged            ||    40

Table legend:
 A = Non-vault XP
 B = Vault XP
 C = Vault XP percentage of total XP
 D = Non-vault monster count
 E = Vault monster count
 F = Vault count percentage of total count
                 A         B        C        D         E       F
            +---------+---------+-------+---------+---------+-------
      Total |      24 |       0 |   0.0 |      17 |       0 |   0.0
            +---------+---------+-------+---------+---------+-------
        D:1 |      15 |       0 |   0.0 |      11 |       0 |   0.0
        D:2 |       9 |       0 |   0.0 |       6 |       0 |   0.0
            +---------+---------+-------+---------+---------+-------
